 Dungeon Crawl Stone Soup version 0.17.1-3-g152610e (webtiles) character file.

1003 juanjsm the Ducker (level 8, -2/36 HPs)
             Began as a Spriggan Venom Mage on Apr 10, 2016.
             Slain by an ice beast (14 damage)
             ... on level 5 of the Dungeon.
             The game lasted 00:37:41 (6370 turns).

juanjsm the Ducker (Spriggan Venom Mage)            Turns: 6370, Time: 00:37:41

Health: -2/36      AC:  2    Str:  4    XL:     8   Next: 0%
Magic:  10/17      EV: 19    Int: 19    God:
Gold:   261        SH:  0    Dex: 10    Spells: 5 memorised, 3 levels left

rFire  . . .     SeeInvis +     C - -1 dagger (curse)
rCold  . . .     Clarity  .     a - +0 robe
rNeg   . . .     SustAt   .     (shield restricted)
rPois  +         Gourm    .     (helmet restricted)
rElec  +         Spirit   .     (no cloak)
rCorr  .         Warding  .     (gloves unavailable)
rMut   .         Rnd*Tele +     (boots unavailable)
MR     +....                    B - amulet "Arafid" {Faith rElec rPois Dex-3}
Stlth  +++.......               A - ring of teleportation (curse)
                                x - -3 ring of dexterity (curse)

@: very slightly contaminated, very quick, somewhat resistant to hostile
enchantments, fairly stealthy
A: unfitting armour, see invisible, herbivore 3, speed 3, slow metabolism 2
a: Evoke Teleportation


You were on level 5 of the Dungeon.
You were not hungry.

You visited 2 branches of the dungeon, and saw 6 of its levels.
You also visited: Sewer.

You collected 261 gold pieces.

Inventory:

Hand Weapons
 m - a +0 hunting sling of flaming
 C - a cursed -1 dagger (weapon)
 H - a +0 dagger of protection
Missiles
 o - 261 stones (quivered)
 p - 41 sling bullets
Armour
 a - a +0 robe (worn)
Jewellery
 q - an uncursed ring of stealth {unknown}
 x - a cursed -3 ring of dexterity (left hand)
 A - a cursed ring of teleportation (right hand)
 B - the amulet "Arafid" (around neck) {Faith rElec rPois Dex-3}
   (You found it on level 4 of the Dungeon)

   [amulet of faith]

   It allows you to gain divine favour quickly.
   It affects your dexterity (-3).
   It insulates you from electricity.
   It protects you from poison.
 D - an uncursed amulet of resist corrosion {unknown}
 J - a +2 ring of intelligence {unknown}
Wands
 r - a wand of slowing (19)
 y - a wand of teleportation (3)
 z - a wand of confusion (18)
 F - a wand of paralysis (17)
Scrolls
 f - 2 scrolls of noise {unknown}
 h - 2 scrolls of random uselessness {unknown}
 l - a scroll of blinking {unknown}
 n - 5 scrolls of remove curse {unknown}
 s - a scroll of magic mapping {unknown}
 w - 2 scrolls of amnesia {unknown}
 E - a scroll of fear {unknown}
Potions
 d - a potion of beneficial mutation {unknown}
 e - 6 potions of brilliance
 g - a potion of haste {unknown}
 i - 2 potions of agility {unknown}
 j - 3 potions of flight
 k - 10 potions of curing
 t - 3 potions of poison {unknown}
 u - 2 potions of heal wounds {unknown}
 v - 2 potions of might
 G - 2 potions of degeneration {unknown}
 I - a potion of resistance {unknown}
Books
 b - a Young Poisoner's Handbook

   Spells                             Type                      Level
   a - Sting                          Conjuration/Poison           1
   b - Cure Poison                    Poison                       2
   c - Mephitic Cloud                 Conjuration/Poison/Air       3
   d - Olgreb's Toxic Radiance        Poison                       4
   e - Venom Bolt                     Conjuration/Poison           5
Comestibles
 c - 6 bread rations


   Skills:
 + Level 0.1 Fighting
 + Level 0.7 Short Blades
 + Level 0.5 Slings
 + Level 6.3 Dodging
 + Level 6.3 Stealth
 + Level 5.8 Spellcasting
 + Level 2.8 Conjurations
 + Level 0.5 Air Magic
 + Level 5.8 Poison Magic


You had 3 spell levels left.
You knew the following spells:

 Your Spells              Type           Power        Failure   Level  Hunger
a - Sting                 Conj/Pois      ###.         1%          1    None
b - Cure Poison           Pois           ####......   1%          2    None
c - Mephitic Cloud        Conj/Pois/Air  ###.....     12%         3    ##.....
d - Olgreb's Toxic Radia  Pois           ####....     12%         4    ####...
e - Venom Bolt            Conj/Pois      ###.......   63%         5    #####..


Dungeon Overview and Level Annotations

Branches:
Dungeon (5/15)             Temple (1/1) D:5

Altars:
Dithmenos
Fedhas
Gozag
Kikubaaqudgha
Nemelex Xobeh
Okawaru
Qazlal
Ru
Sif Muna
Trog
Yredelemnul
Zin
The Shining One

Annotations:
D:4 attackplan's ghost, amateur HOFi


Innate Abilities, Weirdness & Mutations

You are tiny and cannot use many weapons and most armour.
You have supernaturally acute eyesight.
You are a herbivore.
You cover ground extremely quickly.
You need consume almost no food.


Message History

Zapping:
z - a wand of confusion (will waste charges)
Press: ? - help, Shift-Dir - straight line, f/p - ice beast
Aim: an ice beast (noxious fumes, lightly wounded, chance to defeat MR: 46%)
The ice beast resists with some effort.
Evoking this partially-identified wand wasted a few charges.
Evoke which item? (* to show all) (? for menu, Esc to quit)
Zapping:
z - a wand of confusion {zapped: 3} (will waste charges)
Press: ? - help, Shift-Dir - straight line, f/p - ice beast
Aim: an ice beast (lightly wounded, chance to defeat MR: 46%)
The ice beast appears confused.
Evoking this partially-identified wand wasted a few charges.
You barely miss the ice beast. The ice beast hits you.
The ice beast freezes you!
You barely miss the ice beast. You hit the ice beast.
The ice beast is lightly wounded.
You hit the ice beast but do no damage.
The ice beast is lightly wounded.
The ice beast hits you. The ice beast freezes you!
You die...

###########.# #.##......#.
#...........# #.#######)#.
#)########### #.# ####.#. #.#
#.# #...... #.# #.# #.##.#.
#.# #.# #.##.## #.# #.#
#.##.#
#.################.####.##.#
#.##.......Y@......##......#
#.##.################......##
#.##.# #.....#.. #.##h#
#.......# #.##.# ###
#......#. #.##.. ..#
#.#...... #.#### #.#
#.#....#. #.#######.#
#........
#.........###########....#...


You could see an ice beast (confused).

Vanquished Creatures
  A sky beast (D:4)
  3 ogres
  4 big kobolds (Sewer)
  An orc priest (D:3)
  Ijyb (D:2)
  An orc wizard (D:5)
  2 worker ants (D:5)
  Robin (D:3)
  2 river rats (D:3)
  6 adders
  An ooze (Sewer)
  5 worms
  3 giant geckos (D:3)
  17 orcs
  6 bats
  6 giant cockroaches
  17 goblins
  11 hobgoblins
  2 jackals (D:2)
  2 quokkas
  6 ball pythons
  6 giant newts
  20 kobolds
  10 rats
134 creatures vanquished.

Vanquished Creatures (others)
  An orc wizard (D:3)
  A fungus (Sewer)
2 creatures vanquished.

Grand Total: 136 creatures vanquished

Notes
Turn   | Place    | Note
--------------------------------------------------------------
     0 | D:1      | juanjsm the Spriggan Venom Mage began the quest for the Orb.
     0 | D:1      | Reached XP level 1. HP: 9/9 MP: 5/5
   236 | D:1      | Reached XP level 2. HP: 13/13 MP: 2/6
   241 | D:1      | Learned a level 2 spell: Cure Poison
   864 | D:2      | Noticed Ijyb
   929 | D:2      | Killed Ijyb
   929 | D:2      | Reached XP level 3. HP: 6/16 MP: 0/8
   934 | D:2      | Learned a level 3 spell: Mephitic Cloud
   974 | D:3      | Noticed Robin
  1384 | D:3      | Found a glowing drain.
  1451 | Sewer    | Entered a sewer
  1613 | Sewer    | Noticed a big kobold
  1648 | Sewer    | Killed a big kobold
  1648 | Sewer    | Reached skill level 1 in Conjurations
  1648 | Sewer    | Reached XP level 4. HP: 13/21 MP: 0/10
  1925 | Sewer    | Noticed a big kobold
  1942 | Sewer    | Killed a big kobold
  1942 | Sewer    | Reached XP level 5. HP: 24/24 MP: 3/12
  2044 | Sewer    | Noticed a big kobold
  2061 | Sewer    | Killed a big kobold
  2061 | Sewer    | Reached skill level 5 in Dodging
  2061 | Sewer    | Reached skill level 5 in Poison Magic
  2061 | Sewer    | Reached XP level 6. HP: 15/28 MP: 4/13
  2216 | Sewer    | Learned a level 4 spell: Olgreb's Toxic Radiance
  2355 | Sewer    | Noticed a big kobold
  2387 | Sewer    | Killed a big kobold
  2621 | D:3      | Found a glowing golden altar of the Shining One.
  2880 | D:4      | Noticed attackplan's ghost (amateur HOFi)
  3144 | D:4      | Reached skill level 5 in Stealth
  3144 | D:4      | Reached XP level 7. HP: 32/32 MP: 10/15
  3217 | D:4      | Got a flickering ruby amulet
  3218 | D:4      | Identified the amulet "Arafid" {Faith rElec rPois Dex-3} (You found it on level 4 of the Dungeon)
  3471 | D:5      | Entered Level 5 of the Dungeon
  3523 | D:5      | Reached skill level 5 in Spellcasting
  3621 | D:5      | Found a staircase to the Ecumenical Temple.
  3630 | Temple   | Entered the Ecumenical Temple
  4745 | D:3      | Reached skill level 6 in Dodging
  4845 | D:3      | Killed Robin
  5437 | D:3      | Learned a level 5 spell: Venom Bolt
  6021 | D:5      | Reached XP level 8. HP: 14/36 MP: 10/17
  6370 | D:5      | Slain by an ice beast

Action                   |  1- 3 |  4- 6 |  7- 9 || total
-------------------------+-------+-------+-------++-------
Melee: Unarmed           |    16 |       |       ||    16
       Dagger            |    41 |    63 |    87 ||   191
 Fire: Hunting sling     |     3 |       |       ||     3
 Cast: Sting             |    48 |    82 |   138 ||   268
       Mephitic Cloud    |     4 |     3 |     5 ||    12
       Cure Poison       |       |     1 |       ||     1
Evoke: Wand              |       |       |     2 ||     2
  Use: Scroll            |       |       |     4 ||     4
 Stab: Sleeping          |     5 |     8 |     8 ||    21
       Confused          |     1 |     4 |     1 ||     6
  Eat: Bread ration      |       |       |     1 ||     1
